 Dungeon Crawl Stone Soup version 0.29.0-10-g45618ea6d2 (webtiles) character file.

Game seed: 16232121186892313764

62 SensoryNuts the Covered (level 3, -2/29 HPs)
             Began as a Demonspawn Fighter on Sept 2, 2022.
             Slain by Terence
             ... wielding a +6 short sword of speed
              (9 damage)
             ... on level 2 of the Dungeon.
             The game lasted 00:01:18 (1927 turns).

SensoryNuts the Covered (Demonspawn Fighter)        Turns: 1927, Time: 00:01:18

Health: -2/29      AC:  6    Str: 16    XL:     3   Next: 85%
Magic:  3/3        EV:  9    Int:  9    God:
Gold:   102        SH:  5    Dex: 14    Spells: 2/2 levels left

rFire   . . .      SeeInvis .   a - +0 long sword
rCold   . . .      Faith    .   c - +0 buckler
rNeg    . . .      Spirit   .   b - +0 scale mail
rPois   .          Reflect  .   (no helmet)
rElec   .          Harm     .   (no cloak)
rCorr   .          Rampage  .   (no gloves)
Will    .....                   (no boots)
Stlth   ..........              (no amulet)
HPRegen 0.09/turn               (no ring)
MPRegen 0.08/turn               (no ring)

@: mighty
A: hooves 1, demonic guardian 1
a: no special abilities


You were on level 2 of the Dungeon.
You visited 1 branch of the dungeon, and saw 2 of its levels.

You collected 102 gold pieces.

Inventory:

Hand Weapons
 a - a +0 long sword (weapon)
Armour
 b - a +0 scale mail (worn)
 c - a +0 buckler (worn)
Jewellery
 i - a +6 ring of strength
Scrolls
 h - a scroll of blinking
Potions
 e - a potion of haste {unknown}
 f - a potion of curing


   Skills:
 + Level 3.2 Fighting
 * Level 2.5 Long Blades
 + Level 3.3 Armour
 + Level 0.5 Dodging
 + Level 0.1 Stealth
 + Level 3.0 Shields


You had 2 spell levels left.
You didn't know any spells.
Your spell library contained the following spells:

 Spells                   Type           Power      Damage    Failure   Level
 Sublimation of Blood     Necr           0%         N/A       96%         2
 Wereblood                Tmut           0%         N/A       96%         2
 Summon Hydra             Summ           0%         N/A       100%        7


Dungeon Overview and Level Annotations

Branches:
Dungeon (2/15)

Altars:

Annotations:
D:2 Terence


Innate Abilities, Weirdness & Mutations

You have large cloven feet.
A weak demonic guardian rushes to your aid.


Message History

Terence is lightly wounded.
Terence barely misses you. You block Terence's attack.
You closely miss Terence.
Terence is lightly wounded.
Terence barely misses you. You block Terence's attack.
You closely miss Terence.
Terence is lightly wounded.
Terence hits you with a +6 short sword of speed. x2
You slash Terence! You kick Terence, but do no damage.
Terence is heavily wounded.
Terence drinks a potion.
Terence is healed!
You block Terence's attack.
You hit Terence but do no damage.
Terence is lightly wounded.
Terence hits you with a +6 short sword of speed.
A demonic guardian appears!
Terence hits you with a +6 short sword of speed.
You barely miss Terence. You kick Terence, but do no damage.
Terence hits you with a +6 short sword of speed.
You hit Terence. You kick Terence, but do no damage.
Terence is moderately wounded.
Terence hits you with a +6 short sword of speed!
Terence hits you with a +6 short sword of speed.
* * * LOW HITPOINT WARNING * * *
You are too injured to fight recklessly!
You are too injured to fight recklessly!
You are too injured to fight recklessly!
You are too injured to fight recklessly!
You are too injured to fight recklessly!
You are too injured to fight recklessly!
You are too injured to fight recklessly!
You are too injured to fight recklessly!
You are too injured to fight recklessly!
You are too injured to fight recklessly!
You are too injured to fight recklessly!
Terence is nearby!
Terence is nearby!
Unknown command.
You feel very mighty all of a sudden.
Terence hits you with a +6 short sword of speed!
You die...

######### ##
#######........ .#
........####### .#
...###..# .# ........# .#
.#...#.##########@##
.....#.........5@..#
##..####################
#.....................#
#...#####.............#
#.......#.............###
......##.#.......#######.#
.#....##.#...............#
.#....##.#........######.#
.#....##.#..........####.#


You could see Terence (ally target) and a friendly quasit (summoned).

Vanquished Creatures
  4 adders (D:2)
  A dart slug (D:1)
  2 bats
  3 endoplasms
  A giant cockroach (D:1)
  3 goblins
  A hobgoblin (D:1)
  2 quokkas
  2 ball pythons (D:1)
  2 kobolds (D:1)
  5 rats
26 creatures vanquished.

Notes
Turn   | Place    | Note
-------+----------+-------------------------------------------
     0 | D:1      | SensoryNuts the Demonspawn Fighter began the quest for the
                  | Orb.
     0 | D:1      | Reached XP level 1. HP: 18/18 MP: 1/1
    23 | D:1      | Found a faded altar of an unknown god.
   350 | D:1      | Discovered your monstrous ancestry.
   350 | D:1      | Gained mutation: You have large cloven feet. [demonic
                  | ancestry]
   350 | D:1      | Reached XP level 2. HP: 24/24 MP: 2/2
  1311 | D:2      | Gained mutation: A weak demonic guardian rushes to your
                  | aid. [demonic ancestry]
  1311 | D:2      | Reached XP level 3. HP: 20/29 MP: 3/3
  1918 | D:2      | Noticed Terence
  1927 | D:2      | Slain by Terence

Illustrated notes

Levels and vault maps discovered:
D:1:      psy_arrival_statuary, layout_basic, hellmonk_ecumenical_altar_blasted,
          chequers_serial_rivers_micro_b
D:2:      layout_basic, uniq_terence

Skill      XL: |  1  2  3 |
---------------+----------+-----
Armour         | 3 |  3.3
Long Blades    | 2 |  2.5
Shields        | 3 |  3.0
Fighting       | |  3.2
Dodging        | |  0.5
Stealth        | |  0.1

Action                   || total
-------------------------++-------
Melee: Long sword        ||    98
       Kick              ||    19
  Use: Scroll            ||     5
       Potion            ||     2
Armor: Scale mail        ||    59
Dodge: Dodged            ||    49
Block: Buckler           ||    27
